 Dungeon Crawl Stone Soup version 0.30-a0-883-g5ad918d77d (webtiles) character file.

Game seed: 17467564303459584881

28240 Sheero the Fencer (level 13, -2/119 HPs)
             Began as a Minotaur Berserker on Mar 16, 2023.
             Was a High Priest of Trog.
             Slain by a merfolk
             ... wielding a +1 trident of venom
              (4 damage)
             ... on level 2 of the Shoals.
             The game lasted 00:50:20 (10885 turns).

Sheero the Fencer (Minotaur Berserker)             Turns: 10885, Time: 00:50:20

Health: -2/119     AC: 30    Str: 26    XL:     13   Next: 8%
Magic:  4/4        EV: 13    Int:  4    God:    Trog [*****.]
Gold:   1119       SH:  0    Dex: 13    Spells: 12/12 levels left

rFire   . . .      SeeInvis .    B - +6 triple sword (antimagic)
rCold   + + .      Faith    .    (shield currently unavailable)
rNeg    . . .      Spirit   .    i - +5 ice dragon scales
rPois   .          Reflect  .    e - +1 hat
rElec   +          Rampage  .    f - +0 cloak
rCorr   .                        g - +2 pair of gloves
Will    ++...                    l - +0 pair of boots Stlth
                                 q - amulet of regeneration
HPRegen 2.19/turn                x - ring of protection from fire
MPRegen 0.09/turn                d - ring "Hulaezio" {*Corrode rElec AC+4 Dex+2}

@: lethally poisoned (-2 -> -9), strong-willed, mesmerised, regenerating, very
slow
A: horns 2, retaliatory headbutt
a: Renounce Religion, Berserk, Trog's Hand, Brothers in Arms


You were on level 2 of the Shoals.
You worshipped Trog.
Trog was extremely pleased with you.
You visited 3 branches of the dungeon, and saw 14 of its levels.
You also visited: Bailey.

You collected 1214 gold pieces.
You spent 95 gold pieces at shops.

Inventory:

Hand Weapons
 c - a +6 war axe of protection
 n - the +11 Singing Sword {sonic wave}
   (You found it on level 5 of the Dungeon)
 B - a +6 antimagic triple sword (weapon)
Missiles
 H - a throwing net (quivered)
Armour
 e - a +1 hat (worn)
 f - a +0 cloak (worn)
 g - a +2 pair of gloves (worn)
 i - +5 ice dragon scales (worn)
 l - a +0 pair of boots (worn)
Jewellery
 d - a ring "Hulaezio" (right hand) {*Corrode rElec AC+4 Dex+2}
   (You acquired it on level 4 of the Dungeon)

   [ring of protection]

   AC:        It affects your AC (+4).
   Dex:       It affects your dexterity (+2).
   rElec:     It insulates you from electricity.
   *Corrode:  It may corrode you when you take damage.
 m - a +6 ring of intelligence
 q - an amulet of regeneration (around neck)
 r - a ring of positive energy
 x - a ring of protection from fire (left hand)
 z - a ring of willpower
Scrolls
 h - 2 scrolls of immolation
 k - 4 scrolls of fear
 w - 2 scrolls of blinking
 y - 4 scrolls of identify
 A - a scroll of brand weapon
 C - 2 scrolls of teleportation
 E - 2 scrolls of enchant weapon
Potions
 a - 3 potions of haste
 b - 6 potions of curing
 j - a potion of lignification
 o - a potion of magic
 t - 2 potions of might
 v - a potion of flight
 F - a potion of berserk rage
 G - 2 potions of resistance
 I - a potion of mutation
Miscellaneous
 s - a phantom mirror
 u - a phial of floods


   Skills:
 + Level 12.4 Fighting
 + Level 16.0 Long Blades
 + Level 10.5 Axes
 + Level 11.8 Armour
 + Level 8.6 Dodging
 - Level 1.1 Stealth


You had 12 spell levels left.
You didn't know any spells.
Your spell library was empty.

Dungeon Overview and Level Annotations

Branches:
Dungeon (10/15)            Temple (0/1) D:6            Lair (2/5) D:10
 Shoals (2/4) Lair:2       Bailey (visited)
  Snake: Lair:2-3    Spider: Lair:2-3       Orc: D:9-12

Altars:
Ashenzari
Dithmenos
Fedhas
Gozag
Hepliaklqana
Kikubaaqudgha
Makhleb
Nemelex Xobeh
Okawaru
Ru
Uskayaw
Wu Jian
Xom
Zin
The Shining One

Shops:
D:4 ?   D:9 *:   D:10 *   Shoals:2 =


Innate Abilities, Weirdness & Mutations

You have a pair of horns on your head.
You reflexively headbutt those who attack you in melee.


Message History

Your Long Blades skill increases to level 16!
Unknown command.
You feel much better.
You feel very sick.
The merfolk hits you but does no damage.
You are more poisoned.
The alligator snapping turtle bites you from afar!!
The merfolk aquamancer hits you with a +4 rapier of venom!
* * * LOW HITPOINT WARNING * * *
You are more poisoned.
The merfolk siren chants its luring song.
You swap places.
You are no longer glowing.
You feel extremely sick.
Your ogre closely misses the merfolk aquamancer.
The merfolk barely misses you.
The merfolk aquamancer closely misses you.
The alligator snapping turtle bites you but does no damage.
The merfolk siren chants its luring song.
The merfolk hits you with a +1 trident of venom!
* * * LOW HITPOINT WARNING * * *
Your ogre misses the merfolk aquamancer.
The merfolk aquamancer hits you but does no damage.
You are lethally poisoned!
The alligator snapping turtle bites you but does no damage.
You see here a +0 trident.
Your unstable footing causes you to fumble your attack.
* * * LOW HITPOINT WARNING * * *
You feel extremely sick.
The merfolk siren chants its luring song.
The merfolk barely misses you. You furiously retaliate!
You headbutt the merfolk!
Your ogre barely misses the merfolk aquamancer.
The merfolk aquamancer completely misses you.
Your unstable footing causes you to fumble your attack.
* * * LOW HITPOINT WARNING * * *
You feel extremely sick.
The alligator snapping turtle bites you but does no damage.
The merfolk hits you with a +1 trident of venom.
You die...

.~~~≈≈≈≈≈≈≈≈≈≈
.~~~~~≈≈≈≈≈≈≈≈
~~~~~~~≈≈≈≈≈≈
~.~~~~~≈≈≈≈≈
...~~~≈≈≈≈≈
..~~~≈≈≈~~
#..~~≈≈~~~
####.mt~≈≈~~~
~.###...O@m≈≈≈~~~
~≈~~~.~~~<†)~≈≈~~~~
~≈≈≈≈~~~~~~~≈≈≈~~~~
~~≈≈≈~~~m~~~~≈~~~..
~~~≈~~~~..~~~~~~...
..~~~~~..#########.
...~~~~.##mtHmk..##
...~~~~.#8mH#H#..8#
......#H$#~~~#.


You could see 2 alligator snapping turtles, a merfolk impaler, a merfolk
aquamancer (ally target), a wind drake (repels missiles), 2 merfolk, 3
manticores, a merfolk siren (mesmerising), a water nymph and a friendly ogre
(summoned, berserk, extremely poisoned).

Vanquished Creatures
  A merfolk avatar (Shoals:2)
  A centaur warrior (Shoals:1)
  A two-headed ogre (D:9)
  A boulder beetle (D:8)
  5 skysharks (Shoals:1)
  Lodul (D:10)
  3 skeletal warriors (D:10)
  2 sea snakes (Shoals:1)
  7 harpies
  Pikel (D:7)
  A faun (Shoals:2)
  A manticore (Shoals:1)
  A black mamba (Lair:1)
  2 cane toads (Lair:2)
  Joseph (D:8)
  2 kobold demonologists (D:10)
  2 komodo dragons
  5 merfolk
  A troll (D:10)
  Prince Ribbit (D:9)
  A wind drake (Shoals:1)
  Sigmund (D:4)
  2 wyverns
  3 water elementals (Shoals:2)
  Eustachio (D:4)
  A vampire (D:10)
  2 basilisks (Lair:1)
  15 yaks
  A steam dragon (D:9)
  Menkaure (D:7)
  10 water moccasins
  13 orc warriors
  2 sky beasts
  3 ice beasts
  3 wolves (Lair:1)
  13 centaurs
  11 ogres
  A lemure (D:7)
  A phantom (D:7)
  4 kobold brigands
  6 bullfrogs
  Blork the orc (D:4)
  6 scorpions
  7 wights
  A howler monkey (D:5)
  4 hounds
  A gnoll bouda (D:7)
  2 jellies
  2 orc priests
  An iguana (D:6)
  6 orc wizards
  Natasha (thrice) (D:4)
  4 gnolls (D:7)
  3 adders
  2 shadow imps (D:5)
  A white imp (D:7)
  2 ufetubi
  2 worms (D:2)
  3 dart slugs
  46 orcs
  7 endoplasms
  3 giant cockroaches
  4 goblins
  3 hobgoblins
  A quokka (D:3)
  7 ball pythons
  10 bats
  2 frilled lizards
  23 kobolds
  3 rats
295 creatures vanquished.

Vanquished Creatures (collateral kills)
  A skyshark (Shoals:2)
  A sea snake (Shoals:2)
2 creatures vanquished.

Vanquished Creatures (others)
  A centaur (Bailey)
  An ufetubus (D:5)
  36 fungi
  40 plants
78 creatures vanquished.

Grand Total: 375 creatures vanquished

Notes
Turn   | Place    | Note
-------+----------+-------------------------------------------
     0 | D:1      | Sheero the Minotaur Berserker began the quest for the Orb.
     0 | D:1      | Reached XP level 1. HP: 19/19 MP: 0/0
   324 | D:1      | Reached XP level 2. HP: 26/27 MP: 1/1
   689 | D:2      | Reached XP level 3. HP: 34/34 MP: 2/2
  1121 | D:3      | Reached ** piety under Trog
  1215 | D:3      | Found a burning altar of Makhleb.
  1215 | D:3      | Found an ancient bone altar of Kikubaaqudgha.
  1231 | D:3      | Found a sacrificial altar of Ru.
  1234 | D:3      | Found an opulent altar of Gozag.
  1333 | D:3      | Found Wudorakk's Assorted Antiques.
  1601 | D:4      | Found Rucastrei's Magic Scroll Shoppe.
  1604 | D:4      | Bought a scroll of identify for 20 gold pieces
  1604 | D:4      | Bought a scroll of enchant armour for 75 gold pieces
  1638 | D:4      | Identified a scroll of acquirement
  1639 | D:4      | Acquired a ring "Hulaezio" {*Corrode rElec AC+4 Dex+2}
  1651 | D:4      | Reached XP level 4. HP: 40/41 MP: 1/3
  1702 | D:4      | Noticed Sigmund
  1703 | D:4      | Noticed a scorpion
  1713 | D:4      | Killed a scorpion
  1714 | D:4      | Reached skill level 5 in Axes
  1714 | D:4      | Reached XP level 5. HP: 46/47 MP: 4/4
  1730 | D:4      | Killed Sigmund
  1731 | D:4      | Reached skill level 5 in Fighting
  1731 | D:4      | Reached XP level 6. HP: 48/56 MP: 5/5
  1947 | D:4      | Noticed Eustachio
  1956 | D:4      | Reached skill level 5 in Armour
  2015 | D:4      | Killed Eustachio
  2016 | D:4      | Reached XP level 7. HP: 53/61 MP: 6/6
  2241 | D:4      | Noticed Natasha
  2248 | D:4      | Killed Natasha
  2409 | D:4      | Noticed Natasha
  2421 | D:4      | Killed Natasha
  2452 | D:4      | Noticed Blork the orc
  2465 | D:4      | Killed Blork the orc
  2518 | D:4      | Noticed Natasha
  2531 | D:4      | Killed Natasha
  2733 | D:5      | Entered Level 5 of the Dungeon
  2783 | D:5      | Found a sparkling altar of Nemelex Xobeh.
  2836 | D:5      | Found a hide-covered altar of Uskayaw.
  2856 | D:5      | Reached XP level 8. HP: 67/69 MP: 5/7
  2933 | D:5      | Reached skill level 5 in Dodging
  3336 | D:5      | Found a glowing silver altar of Zin.
  3373 | D:5      | Reached *** piety under Trog
  3389 | D:5      | Found the +11 Singing Sword {sonic wave}
  3663 | D:6      | Reached skill level 10 in Axes
  3663 | D:6      | Reached XP level 9. HP: 77/77 MP: 8/8
  3664 | D:6      | Reached skill level 1 in Stealth
  3722 | D:6      | Reached skill level 1 in Long Blades
  3828 | D:6      | Found a staircase to the Ecumenical Temple.
  3834 | D:6      | Reached skill level 2 in Long Blades
  4042 | D:6      | Identified the +6 ring mail of Vexation {rElec}
  4066 | D:6      | Reached skill level 3 in Long Blades
  4100 | D:6      | Reached skill level 4 in Long Blades
  4101 | D:6      | Reached skill level 5 in Long Blades
  4106 | D:6      | Reached skill level 6 in Long Blades
  4430 | D:7      | Noticed Pikel
  4437 | D:7      | Killed Pikel
  4438 | D:7      | Reached skill level 7 in Long Blades
  4438 | D:7      | Reached XP level 10. HP: 84/86 MP: 9/9
  4536 | D:7      | Found a flagged portal.
  4557 | Bailey   | Entered a bailey
  4580 | Bailey   | Reached **** piety under Trog
  4754 | Bailey   | Reached skill level 8 in Long Blades
  4929 | Bailey   | Reached skill level 9 in Long Blades
  5290 | D:7      | Found a shimmering altar of Xom.
  5291 | D:7      | Found a shimmering altar of Xom.
  5293 | D:7      | Found a shimmering altar of Xom.
  5297 | D:7      | Found a shimmering altar of Xom.
  5298 | D:7      | Found a shimmering altar of Xom.
  5313 | D:7      | Noticed Menkaure
  5324 | D:7      | Killed Menkaure
  5463 | D:7      | Found an iron altar of Okawaru.
  5713 | D:8      | Noticed a boulder beetle
  5728 | D:8      | Killed a boulder beetle
  5729 | D:8      | Reached skill level 10 in Long Blades
  5744 | D:8      | Found a hazy altar of Hepliaklqana.
  5790 | D:8      | Noticed Joseph
  5807 | D:8      | Killed Joseph
  5841 | D:8      | Found a blossoming altar of Fedhas.
  5892 | D:8      | Noticed a centaur warrior
  5892 | D:8      | Noticed a tengu warrior
  5893 | D:8      | Noticed a deep elf pyromancer
  5893 | D:8      | Noticed a four-headed hydra
  5902 | D:8      | Noticed a brown ugly thing
  5902 | D:8      | Noticed a gargoyle
  6029 | D:8      | Found a broken altar of Ashenzari.
  6034 | D:8      | Saw a vision of the Shoals and the Spider Nest.
  6034 | D:8      | Noticed a pharaoh ant
  6034 | D:8      | Noticed a manticore
  6034 | D:8      | Noticed a demonic crawler
  6034 | D:8      | Noticed a wolf spider
  6034 | D:8      | Noticed an orb spider
  6034 | D:8      | Noticed an orb spider
  6034 | D:8      | Noticed a pharaoh ant
  6034 | D:8      | Noticed an alligator snapping turtle
  6034 | D:8      | Noticed a skyshark
  6034 | D:8      | Noticed a sea snake
  6034 | D:8      | Noticed a jorogumo
  6034 | D:8      | Noticed a demonic crawler
  6035 | D:8      | Noticed a spark wasp
  6036 | D:8      | Noticed a steelbarb worm
  6038 | D:8      | Noticed a torpor snail
  6250 | D:8      | Reached ***** piety under Trog
  6325 | D:8      | Found a glowing golden altar of the Shining One.
  6438 | D:9      | Reached XP level 11. HP: 97/97 MP: 10/10
  6448 | D:9      | Noticed a two-headed ogre
  6451 | D:9      | Killed a two-headed ogre
  6452 | D:9      | Reached skill level 11 in Long Blades
  6506 | D:9      | Found Nithroeho's Assorted Antiques.
  6591 | D:9      | Received a gift from Trog
  6640 | D:9      | Found Obluorch's Book Shop.
  6992 | D:9      | Found an ornate altar of the Wu Jian Council.
  7171 | D:9      | Noticed Prince Ribbit
  7179 | D:9      | Killed Prince Ribbit
  7180 | D:9      | Reached skill level 12 in Long Blades
  7430 | D:10     | Entered Level 10 of the Dungeon
  7437 | D:10     | Noticed a skeletal warrior
  7438 | D:10     | Found a staircase to the Lair.
  7442 | D:10     | Noticed a skeletal warrior
  7444 | D:10     | Noticed a skeletal warrior
  7449 | D:10     | Killed a skeletal warrior
  7456 | D:10     | Killed a skeletal warrior
  7464 | D:10     | Killed a skeletal warrior
  7579 | D:10     | Noticed a sixfirhy
  7580 | D:10     | Reached skill level 10 in Fighting
  7583 | D:10     | Reached skill level 10 in Armour
  7622 | D:10     | Reached skill level 13 in Long Blades
  7830 | D:10     | Noticed Lodul
  7857 | D:10     | Killed Lodul
  7893 | D:10     | Found Ydeext's Overcharged Wands.
  8003 | D:10     | Found a shadowy altar of Dithmenos.
  8341 | Lair:1   | Entered Level 1 of the Lair of Beasts
  8463 | Lair:1   | Found a frozen archway.
  8722 | Lair:1   | Reached XP level 12. HP: 106/108 MP: 11/11
  9192 | Lair:2   | Found a staircase to the Shoals.
  9208 | Lair:2   | Reached skill level 14 in Long Blades
  9942 | Shoals:1 | Entered Level 1 of the Shoals
 10272 | Shoals:1 | Reached skill level 15 in Long Blades
 10333 | Shoals:1 | Noticed a centaur warrior
 10351 | Shoals:1 | Killed a centaur warrior
 10757 | Shoals:2 | Found Vajej's Jewellery Emporium.
 10760 | Shoals:2 | Received a gift from Trog
 10764 | Shoals:2 | Noticed a centaur warrior
 10837 | Shoals:2 | Noticed a merfolk avatar
 10846 | Shoals:2 | Killed a merfolk avatar
 10851 | Shoals:2 | Noticed a merfolk impaler
 10855 | Shoals:2 | Noticed an alligator snapping turtle
 10859 | Shoals:2 | Reached XP level 13. HP: 75/118 MP: 12/12
 10882 | Shoals:2 | Reached skill level 16 in Long Blades
 10885 | Shoals:2 | HP: 2/119 [poisoned by a merfolk aquamancer]
 10885 | Shoals:2 | Slain by a merfolk

Illustrated notes

Levels and vault maps discovered:
D:1:      sevenhm_arrival_forest_fort_small_3, layout_rooms,
          chequers_serial_rivers_large_a
D:2:      layout_rooms
D:3:      layout_rooms, grunt_temple_overflow_cloverleaf, serial_aquarium,
          aquarium_bridge_long_separate [aquarium_subvault_bridge,
          aquarium_subvault_bridge, aquarium_subvault_wall,
          aquarium_subvault_bridge, aquarium_subvault_bridge,
          aquarium_subvault_window], aquarium_bridge_square
          [aquarium_subvault_bridge, aquarium_subvault_wall,
          aquarium_subvault_bridge, aquarium_subvault_balcony],
          aquarium_window_fake, aquarium_window_1, aquarium_window_1,
          aquarium_view_2e, aquarium_balcony_3a, serial_shops, shop
D:4:      minmay_skewed_foursquare, layout_basic, nicolae_stop_n_shop_1,
          uniq_natasha, uniq_blork_the_orc, uniq_eustachio, uniq_sigmund
D:5:      old_forge, layout_rooms, mainiacjoe_overflow_tiny_flanked,
          nemelex_dance_club_becter, kennysheep_mini_moat, lemuel_flamethrower_2
D:6:      layout_cave_pools, minmay_temple_entry_grid, minmay_misc_feat_alley,
          hangedman_glass_teeth
D:7:      layout_cave_pools, okawaru_altar_gauntlet_db, xom_shifter_show,
          enter_bailey_2, uniq_pikel, uniq_menkaure
D:8:      layout_basic, fedhas_altar_3, mainiacjoe_overflow_small_starburst,
          grunt_ashenzari_visionary [grunt_ashenzari_visionary_shoals,
          grunt_ashenzari_visionary_spider], tso_oasis_becter,
          amcnicky_mini_rare_corridor_liquid, reono_crystal_passage,
          minivault_12, uniq_joseph
D:9:      layout_stronghold, mainiacjoe_overflow_surrounded_room, serial_shops,
          nicolae_stop_n_shop_1, nicolae_shop_overgrown_old_shop,
          uniq_prince_ribbit1
D:10:     layout_long_grid, general_overflow_altar, lair_entry_dummy,
          corexii_checkpoint_a, nicolae_shop_overcharged_wands, uniq_lodul
Lair:1:   layout_regular_city, portal_ice_cave_entry_pillars_2,
          serial_bayou_lagoon_a
Lair:2:   layout_roguey, nicolae_shoals_entry_roost
Shoals:1: layout_shoals
Shoals:2: gammafunk_sealed_arena, layout_shoals, serial_shops,
          nicolae_shop_trees, shop, nicolae_stop_n_shop_2, nicolae_diamond_shop,
          nicolae_stop_n_shop_2

Skill      XL: |  1  2  3  4  5  6  7  8  9 10 11 12 13 |
---------------+----------------------------------------+-----
Fighting       | 4 5 6 7 9 10 12 | 12.4
Axes           | 4 5 7 8 10 | 10.5
Armour         | 3 4 5 6 7 8 9 10 11 | 11.8
Dodging        | 3 4 5 6 7 8 |  8.6
Stealth        | 1 |  1.1
Long Blades    | 7 10 13 15 16 | 16.0

Action                     |  1- 3 |  4- 6 |  7- 9 | 10-12 | 13-15 || total
---------------------------+-------+-------+-------+-------+-------++-------
  Melee: Hand axe          |    65 |    86 |   121 |       |       ||   272
         Headbutt          |    13 |    13 |    27 |    61 |     4 ||   118
         Punch             |       |     1 |     3 |     1 |       ||     5
         Double sword      |       |       |    52 |   396 |     5 ||   453
         Triple sword      |       |       |       |       |     9 ||     9
 Invoke: Trog's Hand       |       |       |       |     2 |     1 ||     3
         Berserk           |       |       |       |     1 |       ||     1
         Brothers in Arms  |       |       |       |       |     1 ||     1
    Use: Scroll            |     9 |       |     5 |    11 |       ||    25
         Potion            |     6 |       |       |     4 |     4 ||    14
 Armour: Animal skin       |     3 |       |       |       |       ||     3
         Ice dragon scales |    31 |    58 |   106 |   371 |    34 ||   600
  Dodge: Dodged            |    34 |    47 |   106 |   418 |    16 ||   621

Table legend: (Time is in decaauts)
 A = Elapsed time spent in this place.
 B = Non-inter-level travel time spent in this place.
 C = Inter-level travel time spent in this place.
 D = Time resting spent in this place.
 E = Time spent auto-exploring this place.
 F = Levels seen in this place.
 G = Mean time per level.
                   A        B        C        D        E       F      G
               +--------+--------+--------+--------+--------+-----+--------+
         Total |  10954 |  10478 |    476 |      0 |   7668 |  15 |  730.3 |
       Dungeon |   7663 |   7326 |    337 |      0 |   5458 |  10 |  766.3 |
          Lair |   1610 |   1501 |    109 |      0 |   1289 |   2 |  805.0 |
        Shoals |    979 |    950 |     29 |      0 |    607 |   2 |  489.5 |
        Bailey |    701 |    701 |      0 |      0 |    313 |   1 |  701.0 |
               +--------+--------+--------+--------+--------+-----+--------+

Top non-repeatable levels by time:
     D:4: 1129 daAuts
     D:9: 1038 daAuts
Shoals:1: 927 daAuts
     D:5: 901 daAuts
    D:10: 898 daAuts
  Lair:1: 864 daAuts
     D:6: 792 daAuts
  Lair:2: 746 daAuts
  Bailey: 701 daAuts
     D:8: 694 daAuts
     D:7: 596 daAuts
     D:3: 558 daAuts
     D:1: 539 daAuts
     D:2: 514 daAuts
Shoals:2: 51 daAuts
